 Dungeon Crawl Stone Soup version 0.18-a0-1171-ga8e22e7 (webtiles) character file.

4834 Ijustatesigmund the Cudgeler (level 10, -2/76 HPs)
             Began as a Demonspawn Fighter on Jan 26, 2016.
             Was a Believer of Lugonu.
             Killed by a spatial distortion (4 damage)
             ... on level 9 of the Dungeon.
             The game lasted 00:27:21 (8551 turns).

Ijustatesigmund the Cudgeler (Demonspawn Fighter)   Turns: 8551, Time: 00:27:21

Health: -2/76      AC: 11    Str: 24    XL:     10   Next: 25%
Magic:  15/15      EV:  8    Int: 15    God:    Lugonu [**....]
Gold:   119        SH: 11    Dex: 10    Spells: 0 memorised, 9 levels left

rFire  + . .     SeeInvis +     G - +5 morningstar of Stickiness {venom, rC+++ Str+8 Dex-5 SInv}
rCold  + + .     Gourm    .     p - +0 chain mail
rNeg   . . .     Faith    .     c - +0 shield
rPois  .         Spirit   .     (helmet restricted)
rElec  .         Dismiss  .     t - +0 cloak
rCorr  .         Reflect  .     (no gloves)
SustAt .         Harm     .     (no boots)
MR     .....                    I - amulet of rage
Stlth  ..........               L - ring of fire
                                E - +4 ring of intelligence

@: not resistant to hostile enchantments, extremely unstealthy
A: antennae 1, repulsion field 1, nightstalker 1, powered by death 2
a: Depart the Abyss, Bend Space, Renounce Religion, Evoke Berserk Rage


You were on level 9 of the Dungeon.
You worshipped Lugonu.
Lugonu was pleased with you.
You were not hungry.

You visited 1 branch of the dungeon, and saw 9 of its levels.
You visited the Abyss 1 time.
You also visited: Sewer.

You collected 407 gold pieces.
You spent 288 gold pieces at shops.

Inventory:

Hand Weapons
 a - a +0 flail
 q - a +9 club
 A - a +1 flail of protection
 G - the +5 morningstar of Stickiness (weapon) {venom, rC+++ Str+8 Dex-5 SInv}
   (You bought it in a shop on level 5 of the Dungeon)

   It poisons the flesh of those it strikes.
   It affects your strength (+8).
   It affects your dexterity (-5).
   It renders you almost immune to cold.
   It lets you see invisible.
Missiles
 n - 12 tomahawks (quivered)
Armour
 c - a +0 shield (worn)
 p - a +0 chain mail (worn)
 t - a +0 cloak (worn)
Jewellery
 i - an uncursed ring of wizardry
 u - an uncursed amulet of guardian spirit
 E - a +4 ring of intelligence (left hand)
 F - an uncursed amulet of the gourmand
 I - an amulet of rage (around neck)
 L - a ring of fire (right hand)
 M - an uncursed ring of see invisible
Wands
 j - a wand of slowing (13/48)
 y - a wand of cold (6/15)
 D - a wand of digging (16/24)
 K - a wand of flame (22/48)
Scrolls
 h - 2 scrolls of recharging
 k - 2 scrolls of teleportation
 l - 5 scrolls of remove curse
 s - 2 scrolls of amnesia
 w - 3 scrolls of fog
 C - a scroll of magic mapping
Potions
 b - 2 potions of agility {unknown}
 d - a potion of might
 e - 4 potions of brilliance
 g - a potion of resistance
 o - 3 potions of flight
 r - 2 potions of magic
 J - a potion of heal wounds {unknown}
Books
 x - a book of Debilitation

   Spells                             Type                      Level
   a - Corona                         Hexes                        1
   b - Slow                           Hexes                        2
   c - Gell's Gravitas                Hexes/Translocation          3
   d - Inner Flame                    Hexes/Fire                   3
   e - Cause Fear                     Hexes                        4
   f - Leda's Liquefaction            Hexes/Earth                  4
 B - a book of Flames

   Spells                             Type                      Level
   a - Flame Tongue                   Conjuration/Fire             1
   b - Throw Flame                    Conjuration/Fire             2
   c - Conjure Flame                  Conjuration/Fire             3
   d - Inner Flame                    Hexes/Fire                   3
   e - Sticky Flame                   Conjuration/Fire             4
   f - Fireball                       Conjuration/Fire             5
Miscellaneous
 z - a stone of tremors
Comestibles
 f - 10 bread rations
 m - 2 meat rations
 v - 4 beef jerkies


   Skills:
 + Level 6.2 Fighting
 + Level 7.7 Maces & Flails
 - Level 7.2 Armour
 - Level 7.0 Shields
 + Level 7.0 Invocations


You had 9 spell levels left.
You didn't know any spells.

Dungeon Overview and Level Annotations

Branches:
Dungeon (9/15)             Temple (0/1) D:7             Orc (0/2) D:9
   Lair: D:8-11

Altars:
Ashenzari
Cheibriados
Elyvilon
Kikubaaqudgha
Makhleb
Nemelex Xobeh
Okawaru
Sif Muna
Trog
Vehumet
Xom
Yredelemnul
Zin
The Shining One

Shops:
D:5 (   D:8 }(*%[


Innate Abilities, Weirdness & Mutations

You have a pair of small antennae on your head.
You are surrounded by a mild repulsion field (EV +2).
You are slightly more attuned to the shadows.
You regenerate health from kills.


Message History

Lugonu accepts your kill.
Your Invocations skill increases to level 7!
You block the giant frog zombie's attack.
The warg bites you but does no damage. The warg bites you!
* * * LOW HITPOINT WARNING * * *
The giant frog zombie hits you.
* * * LOW HITPOINT WARNING * * *
The warg bites you!
* * * LOW HITPOINT WARNING * * *
Drink which item? (? for menu, Esc to quit)
Okay, then.
Read which item? (? for menu, Esc to quit)
Okay, then.
Wear which item? (? for menu, Esc to quit)
Okay, then.
Drink which item? (? for menu, Esc to quit)
Okay, then.
Space bends sharply around you!
The giant frog zombie blinks!
The warg blinks! x2
You blink.
You die...

#...# #...# #..
#..##...# #.>.
#..##...# #...
#..##...#
#....#h.##...####
#.(h#......@...#
#...†§.($......#
#...§§§.##..####
#...##..##..# #$.
#..##..# #.
#..##..# #
#.Z##..# #..# .[#
#..##..#


You could see a warg.

Vanquished Creatures
  A kobold demonologist (D:7)
  Sigmund (D:4)
  A hippogriff (D:8)
  2 wargs (D:9)
  The ghost of M4edhros the Sneak, an amateur OpAr (D:4)
  An ice beast (D:4)
  4 orc warriors
  3 sky beasts (D:7)
  4 ogres
  A black bear (D:7)
  A centaur (D:6)
  A crocodile (Sewer)
  A gnoll sergeant (D:6)
  9 giant frogs
  2 scorpions (D:8)
  A water moccasin skeleton (D:3)
  A killer bee (D:7)
  5 wights (D:6)
  A centaur zombie (D:7)
  3 crimson imps
  8 hounds
  2 jellies
  3 giant frog skeletons
  8 orc priests
  Crazy Yiuf (D:3)
  Jessica (D:3)
  An iguana (D:8)
  Natasha (thrice) (D:4)
  4 orc wizards
  2 worker ants (D:8)
  Terence (D:3)
  Robin (D:4)
  A worker ant zombie (D:5)
  10 adders
  14 gnolls
  A river rat (D:4)
  6 shadow imps
  2 oozes
  2 adder skeletons
  3 worms
  4 giant geckos
  48 orcs
  7 giant cockroaches
  15 goblins
  13 hobgoblins
  11 jackals
  5 kobolds
  4 quokkas
  4 ball pythons
  15 bats
  2 giant gecko skeletons
  A giant gecko zombie (D:5)
  3 giant newts (D:1)
  4 rats
254 creatures vanquished.

Vanquished Creatures (others)
  A goblin (D:4)
1 creature vanquished.

Grand Total: 255 creatures vanquished

Notes
Turn   | Place    | Note
--------------------------------------------------------------
     0 | D:1      | Ijustatesigmund the Demonspawn Fighter began the quest for the Orb.
     0 | D:1      | Reached XP level 1. HP: 18/18 MP: 1/1
   384 | D:1      | Gained mutation: You regenerate a little health from kills. [demonic ancestry]
   384 | D:1      | Reached XP level 2. HP: 21/24 MP: 2/2
   977 | D:2      | Reached XP level 3. HP: 20/29 MP: 3/3
  1727 | D:2      | Gained mutation: You are surrounded by a mild repulsion field (EV +2). [demonic ancestry]
  1727 | D:2      | Reached XP level 4. HP: 28/35 MP: 4/4
  2091 | D:3      | Noticed Terence
  2112 | D:3      | Killed Terence
  2112 | D:3      | Reached XP level 5. HP: 11/41 MP: 5/5
  2401 | D:3      | Noticed Jessica
  2404 | D:3      | Killed Jessica
  2411 | D:3      | Reached skill level 4 in Armour
  2634 | D:3      | Noticed Crazy Yiuf
  2641 | D:3      | Killed Crazy Yiuf
  2779 | D:4      | Noticed Natasha
  2788 | D:4      | Killed Natasha
  2794 | D:4      | Gained mutation: You have a pair of small antennae on your head. [demonic ancestry]
  2794 | D:4      | Reached XP level 6. HP: 47/47 MP: 6/6
  2800 | D:4      | Noticed Sigmund
  2813 | D:4      | Noticed M4edhros's ghost (amateur OpAr)
  2818 | D:4      | Killed Sigmund
  2827 | D:4      | Killed M4edhros's ghost
  2827 | D:4      | Reached XP level 7. HP: 22/52 MP: 7/7
  2910 | D:4      | Noticed Natasha
  2924 | D:4      | Killed Natasha
  3088 | D:4      | Reached skill level 5 in Shields
  3141 | D:4      | Reached skill level 5 in Armour
  3377 | D:4      | Noticed Robin
  3393 | D:4      | Killed Robin
  3445 | D:4      | Noticed Natasha
  3451 | D:4      | Killed Natasha
  3514 | D:5      | Entered Level 5 of the Dungeon
  3580 | D:5      | Found a glowing drain.
  3591 | Sewer    | Entered a sewer
  3730 | D:5      | Got a fine leather armour
  3741 | D:5      | Identified the +1 leather armour of Music {*Drain Str+5 Dex+6} (You found it on level 5 of the Dungeon)
  3756 | D:5      | Found Yckonoc's Antique Weapon Boutique.
  3797 | D:5      | Gained mutation: You regenerate health from kills. [demonic ancestry]
  3797 | D:5      | Reached XP level 8. HP: 58/58 MP: 8/8
  3835 | D:5      | Found a sparkling altar of Nemelex Xobeh.
  4079 | D:5      | Reached skill level 5 in Maces & Flails
  4330 | D:6      | Found a radiant altar of Vehumet.
  4370 | D:6      | Found a glowing golden altar of the Shining One.
  4371 | D:6      | Found a white marble altar of Elyvilon.
  4372 | D:6      | Found a glowing silver altar of Zin.
  4420 | D:6      | Reached skill level 6 in Armour
  4435 | D:6      | Found an ancient bone altar of Kikubaaqudgha.
  4452 | D:6      | Found a shattered altar of Ashenzari.
  4931 | D:6      | Reached skill level 7 in Armour
  4931 | D:6      | Reached XP level 9. HP: 49/63 MP: 9/9
  5376 | D:6      | Cast into level 1 of the Abyss (gnoll)
  5376 | Abyss:1  | Found a corrupted altar of Lugonu.
  5381 | Abyss:1  | Became a worshipper of Lugonu the Unformed
  5381 | Abyss:1  | Reached * piety under Lugonu
  5382 | D:6      | Escaped the Abyss
  5446 | D:6      | Found a snail-covered altar of Cheibriados.
  5447 | D:6      | Found a basalt altar of Yredelemnul.
  5448 | D:6      | Found an iron altar of Okawaru.
  5449 | D:6      | Found a burning altar of Makhleb.
  5451 | D:6      | Found a deep blue altar of Sif Muna.
  5742 | D:7      | Reached skill level 1 in Invocations
  5980 | D:7      | Found a staircase to the Ecumenical Temple.
  6699 | D:5      | Bought an encrusted morningstar for 288 gold pieces
  6699 | D:5      | Identified the +5 morningstar of Stickiness {venom, rC+++ Str+8 Dex-5 SInv} (You bought it in a shop on level 5 of the Dungeon)
  6864 | D:7      | Noticed a kobold demonologist
  6872 | D:7      | Killed a kobold demonologist
  6872 | D:7      | Reached skill level 5 in Fighting
  6872 | D:7      | Reached skill level 5 in Invocations
  7833 | D:8      | Gained mutation: You are slightly more attuned to the shadows. [demonic ancestry]
  7833 | D:8      | Reached XP level 10. HP: 69/74 MP: 14/14
  7869 | D:8      | Reached ** piety under Lugonu
  7906 | D:8      | Found Ysaptego's Food Shop.
  7943 | D:8      | Found Godwicaz's Antique Armour Boutique.
  8031 | D:8      | Found a shimmering altar of Xom.
  8031 | D:8      | Found a bloodstained altar of Trog.
  8246 | D:8      | Found Plog's Assorted Antiques.
  8283 | D:8      | Found Leptag's Gadget Shoppe.
  8323 | D:8      | Found Ziaxt's Antique Weapon Shoppe.
  8536 | D:9      | Found a staircase to the Orcish Mines.
  8550 | D:9      | HP: 2/76 [warg (13)]
  8551 | D:9      | Killed by a spatial distortion

Vault maps used:
D:1:      shiori_arrival_maze, corexii_corridor_pit
D:2:      wad_lake_hut
D:3:      first_bread, uniq_terence, uniq_jessica, uniq_crazy_yiuf_cottage
D:4:      uniq_sigmund, uniq_natasha, uniq_robin
D:5:      lemuel_coloured_pillars_altar, portal_sewer_entry_b, serial_shops,
          shop
D:6:      good_gods_mini_temple, minitemple, old_standard_altar,
          nicolae_ashenzari_panopticon
D:7:      kennysheep_windowed_halls, temple_pool_b
D:8:      nicolae_overflow_hidden_temple, serial_shops,
          nicolae_shop_window_shopping, shop, kennysheep_mini, shop,
          nicolae_shop_window_shopping
D:9:      minmay_orc_entry_guard_dogs, uniq_erica
Abyss:1:  bh_abyss_xom_lugonu_altar, lemuel_flamethrower_3
Sewer:    sewer_big_baddie

Action                   |  1- 3 |  4- 6 |  7- 9 | 10-12 || total
-------------------------+-------+-------+-------+-------++-------
Melee: Flail             |   169 |    59 |   521 |       ||   749
       Club              |       |    51 |   171 |       ||   222
       Morningstar       |       |       |   112 |    65 ||   177
Throw: Tomahawk          |       |       |     8 |       ||     8
Invok: Depart the Abyss  |       |       |     1 |       ||     1
Evoke: Wand              |       |       |     4 |       ||     4
  Use: Scroll            |     7 |     3 |     9 |       ||    19
       Potion            |     1 |     4 |     6 |       ||    11
  Eat: Chunk             |     3 |     2 |    17 |     2 ||    24
       Royal jelly       |       |     1 |     1 |       ||     2
       Fruit             |       |       |     1 |       ||     1
